 Dungeon Crawl Stone Soup version 0.23.1 (webtiles) character file.

Game seed: 9927876704221819513

179 Borgoz the Grave Robber (level 5, -7/45 HPs)
             Began as a Ghoul Necromancer on Mar 6, 2019.
             Mangled by an ogre
             ... wielding a +0 giant club
              (24 damage)
             ... on level 4 of the Dungeon.
             The game lasted 00:05:21 (3177 turns).

Borgoz the Grave Robber (Ghoul Necromancer)         Turns: 3177, Time: 00:05:22

Health: -7/45      AC:  4    Str:  9 (12) XL:     5   Next: 59%
Magic:  6/6        EV: 11    Int:  9 (10) God:
Gold:   282        SH:  0    Dex:  7 (10) Spells: 6/7 levels left

rFire    . . .     SeeInvis .     - Unarmed
rCold    + + .     Gourm    .   (no shield)
rNeg     + + +     Faith    .   s - +0 leather armour
rPois    ∞         Spirit   .   (no helmet)
rElec    .         Reflect  .   h - +0 cloak
rCorr    .         Harm     .   (no gloves)
MR       .....                  (no boots)
Stlth    +.........             (no amulet)
HPRegen  0.00/turn              d - +5 ring of slaying
MPRegen  0.10/turn              b - ring of protection from cold

@: rotting
A: rotting body, claws 1, carnivore, cold resistance 1, negative energy
resistance 3, inhibited regeneration, torment resistance, unbreathing
a: no special abilities


You were on level 4 of the Dungeon.
You were not hungry.

You visited 1 branch of the dungeon, and saw 4 of its levels.

You collected 282 gold pieces.

Inventory:

Missiles
 r - 6 tomahawks (quivered)
Armour
 h - a +0 cloak (worn)
 s - a +0 leather armour (worn)
Jewellery
 b - a ring of protection from cold (right claw)
 d - a +5 ring of slaying (left claw)
Wands
 p - a wand of random effects (9)
Scrolls
 e - 2 scrolls of remove curse {unknown}
 g - 3 scrolls of identify {unknown}
 l - a scroll of magic mapping {unknown}
 m - 4 scrolls of teleportation {unknown}
Potions
 j - a potion of might {unknown}
 k - 2 potions of mutation {unknown}
 n - a potion of haste {unknown}
 o - 2 potions of curing {unknown}
Comestibles
 c - 6 rations
 q - a chunk of flesh


   Skills:
 * Level 3.0 Fighting
 + Level 1.5 Armour
 + Level 2.6 Dodging
 - Level 2.1 Stealth
 * Level 3.1 Unarmed Combat
 - Level 1.7 Spellcasting
 - Level 4.0 Necromancy


You had 6 spell levels left.
You knew the following spells:

 Your Spells              Type           Power        Failure   Level  Hunger
a - Pain                  Necr           #...         9%          1    ##.....

Your spell library contained the following spells:

 Spells                   Type           Power        Failure   Level  Hunger
 Animate Skeleton         Necr           N/A          9%          1    ##.....
 Vampiric Draining        Necr           #.........   26%         3    ####...
 Regeneration             Chrm/Necr      #.........   52%         3    ####...
 Animate Dead             Necr           N/A          65%         4    #####..


Dungeon Overview and Level Annotations

Branches:
Dungeon (4/15)
 Temple: D:4-7

Altars:
Elyvilon
Makhleb
Sif Muna
Yredelemnul


Innate Abilities, Weirdness & Mutations

Your body is rotting away.
You thrive on raw meat.
You are immune to poison.
You have sharp fingernails.
You are carnivorous and can eat meat at any time.
Your flesh is cold resistant. (rC+)
You are immune to negative energy. (rN+++)
You do not regenerate when monsters are visible.
You are immune to unholy pain and torment.
You can survive without breathing.


Message History

Your leather armour prevents you from hitting the adder.
The adder is heavily wounded.
The adder barely misses you.
You claw the adder!
You kill the adder!
Your Fighting skill increases to level 3!
It was a potion of berserk rage.
You cannot raise a blood rage in your lifeless body.
The ogre hits you with a +0 giant club!!
You feel much better.
The ogre hits you with a +0 giant club!!
Ouch! That really hurt!
You claw the ogre!
The ogre is moderately wounded.
The ogre barely misses you.
You scratch the ogre.
The ogre is moderately wounded.
The ogre hits you with a +0 giant club!!
Ouch! That really hurt!
You die...

#.# #.# #.# #.# #.#
#.# #.# #@# #O# #.#
##.## ##...####
##.......###
#.######..........#
.......<....####...#
#.######..### #..#


You could see an ogre.

Vanquished Creatures
  7 adders
  An ooze (D:1)
  2 worms (D:2)
  13 dart slugs
  9 orcs (D:3)
  8 giant cockroaches
  3 goblins
  5 hobgoblins
  3 jackals (D:1)
  7 kobolds
  4 bats
  6 frilled lizards
  7 rats
75 creatures vanquished.

Vanquished Creatures (others)
  An orc (D:3)
1 creature vanquished.

Grand Total: 76 creatures vanquished

Notes
Turn   | Place    | Note
-------+----------+-------------------------------------------
     0 | D:1      | Borgoz the Ghoul Necromancer began the quest for the Orb.
     0 | D:1      | Reached XP level 1. HP: 14/14 MP: 2/2
   460 | D:1      | Reached XP level 2. HP: 15/22 MP: 3/3
   598 | D:1      | Reached skill level 1 in Unarmed Combat
   687 | D:1      | Reached skill level 1 in Fighting
   931 | D:1      | Reached XP level 3. HP: 14/28 MP: 4/4
  1169 | D:2      | Reached skill level 1 in Armour
  1488 | D:2      | Found a burning altar of Makhleb.
  1489 | D:2      | Found a basalt altar of Yredelemnul.
  1513 | D:2      | Reached XP level 4. HP: 32/36 MP: 5/5
  1650 | D:2      | Found a white marble altar of Elyvilon.
  2542 | D:3      | Reached XP level 5. HP: 42/42 MP: 6/6
  3084 | D:3      | Found a deep blue altar of Sif Muna.
  3158 | D:4      | Noticed an ogre
  3177 | D:4      | Mangled by an ogre

Skill      XL: |  1  2  3  4  5 |
---------------+----------------+-----
Unarmed Combat | 1 2 3 |  3.1
Fighting       | 1 2 3 |  3.0
Dodging        | 2 |  2.6
Armour         | 1 |  1.5
Stealth        | |  2.1
Spellcasting   | |  1.7
Necromancy     | |  4.0

Action                   |  1- 3 |  4- 6 || total
-------------------------+-------+-------++-------
Melee: Unarmed           |   115 |   123 ||   238
       Punch             |     2 |       ||     2
  Use: Potion            |       |     4 ||     4
 Stab: Sleeping          |     1 |     1 ||     2
  Eat: Chunk             |    13 |    12 ||    25
Armor: Robe              |    18 |     8 ||    26
       Leather armour    |       |    11 ||    11
Dodge: Dodged            |    57 |    86 ||   143
